 Dungeon Crawl Stone Soup version 0.27.1-1-g398f81649c (webtiles) character file.

Game seed: 1873365631182141773

578 funkygono the Firebug (level 7, -4/36 HPs)
             Began as a Gargoyle Fire Elementalist on Sept 15, 2021.
             Splashed by Ijyb's acid (6 damage)
             ... on level 3 of the Dungeon.
             The game lasted 00:07:47 (3893 turns).

funkygono the Firebug (Gargoyle Fire Elementalist)  Turns: 3893, Time: 00:07:47

Health: -4/36      AC:  6    Str: 12    XL:     7   Next: 36%
Magic:  4/13       EV: 12    Int: 17    God:
Gold:   142        SH:  0    Dex: 10    Spells: 6/14 levels left

rFire    . . .     SeeInvis .   l - +2 whip (elec)
rCold    . . .     Faith    .   (no shield)
rNeg     + . .     Spirit   .   a - +0 robe
rPois    ∞         Reflect  .   (no helmet)
rElec    +         Harm     .   (no cloak)
rCorr    +         Rampage  .   (no gloves)
Will     .....                  (no boots)
Stlth    ++........             (no amulet)
HPRegen  0.12/turn              b - ring of resist corrosion
MPRegen  0.13/turn              j - +4 ring of slaying

@: no status effects
A: sickness immunity, AC +4, negative energy resistance 1, electricity
resistance, torment resistance 1, petrification resistance
a: no special abilities


You were on level 3 of the Dungeon.
You visited 1 branch of the dungeon, and saw 4 of its levels.

You collected 142 gold pieces.

Inventory:

Hand Weapons
 g - a +0 whip
 l - a +2 whip of electrocution (weapon)
Missiles
 h - 95 stones
Armour
 a - a +0 robe (worn)
 m - a +0 buckler
Jewellery
 b - a ring of resist corrosion (left hand)
 j - a +4 ring of slaying (right hand)
Scrolls
 d - a scroll of magic mapping
Potions
 c - 2 potions of brilliance {unknown}
 e - a potion of might {unknown}
 f - a potion of flight {unknown}
 i - a potion of ambrosia {unknown}
 k - a potion of curing {unknown}


   Skills:
 + Level 0.1 Fighting
 + Level 1.0 Maces & Flails
 + Level 1.7 Dodging
 - Level 2.1 Stealth
 * Level 4.2 Spellcasting
 * Level 4.5 Conjurations
 * Level 5.3 Fire Magic


You had 6 spell levels left.
You knew the following spells:

 Your Spells              Type           Power      Damage    Failure   Level
a - Foxfire               Conj/Fire      80%        2x1d8     1%          1
b - Conjure Flame         Conj/Fire      20%        6-21      6%          3
c - Sticky Flame          Conj/Fire      20%        2d4       21%         4

Your spell library contained the following spells:

 Spells                   Type           Power      Damage    Failure   Level
 Beastly Appendage        Tmut           6%         N/A       16%         1
 Inner Flame              Hex/Fire       12%        N/A       16%         3
 Ignite Poison            Fire/Tmut/Pois 9%         N/A       22%         3
 Wereblood                Tmut           3%         N/A       24%         2
 Mephitic Cloud           Conj/Pois/Air  8%         N/A       24%         3
 Frozen Ramparts          Ice            6%         1d2       43%         3
 Spider Form              Tmut/Pois      1%         N/A       43%         3
 Fireball                 Conj/Fire      10%        3d6       50%         5
 Bolt of Magma            Conj/Fire/Erth 7%         4d6       73%         5
 Ice Form                 Ice/Tmut       3%         N/A       83%         4
 Summon Ice Beast         Ice/Summ       3%         N/A       83%         4


Dungeon Overview and Level Annotations

Branches:
Dungeon (4/15)
 Temple: D:4-7

Altars:

Shops:
D:1 ?[=

Annotations:
D:3 Ijyb


Innate Abilities, Weirdness & Mutations

You are immune to sickness and miasma.
Your stone body is resilient. (AC +4)
You are immune to poison.
You resist negative energy. (rN+)
You are resistant to electric shocks. (rElec)
You are resistant to unholy torment.
You are immune to petrification.


Message History

Ijyb is heavily wounded.
Ijyb hits you with a +0 dagger. x2
You hit Ijyb.
Ijyb is severely wounded.
Ijyb hits you but does no damage.
Casting: Sticky Flame (quite dangerous; 21% risk of failure)
Confirm with . or Enter, or press ? or * to list all spells.
You conjure some foxfire!
Ijyb hits you with a +0 dagger. x2
Unknown command.
Casting: Foxfire (safe; 1% risk of failure)
Confirm with . or Enter, or press ? or * to list all spells.
You don't have enough magic to cast this spell.
Unknown command.
The foxfire hits Ijyb.
Ijyb is severely wounded.
The foxfire hits Ijyb.
Ijyb is almost dead.
Ijyb barely misses you. Ijyb misses you. Ijyb hits you with a +0 dagger.
You see here a +0 robe.
Casting: Foxfire (safe; 1% risk of failure)
Confirm with . or Enter, or press ? or * to list all spells.
Okay, then.
There is a stone staircase leading up here.
Ijyb hits you but does no damage. x2
You climb upwards.
There is a stone staircase leading down here.
Casting: Foxfire (safe; 1% risk of failure)
Confirm with . or Enter, or press ? or * to list all spells.
You don't have enough magic to cast this spell.
Unknown command.
Ijyb is no longer berserk.
Ijyb zaps a wand.
The bolt of acid hits you. You resist.
* * * LOW HITPOINT WARNING * * *
You are splashed with acid.
You resist.
* * * LOW HITPOINT WARNING * * *
Ijyb zaps a wand.
The bolt of acid hits you. You resist.
* * * LOW HITPOINT WARNING * * *
You are splashed with acid.
You resist.
You die...

##### ##...########
##.###.....<.#
#####.## ##.####@#
.....## ##.###.#
####.# #..##.#
...#.## ##>.##.#
##....## ##.#.##.#
.....#.###.....g.#
#######....##.#.<##
####.##.#.#.##
#.##..###.##


You could see Ijyb (slow).

Vanquished Creatures
  Pikel (D:4)
  A lemure (D:4)
  A centaur skeleton (D:3)
  4 adders
  A worm (D:2)
  A dart slug (D:1)
  An orc (D:4)
  5 ball pythons
  3 endoplasms
  4 giant cockroaches
  8 goblins
  8 hobgoblins
  2 jackals (D:3)
  8 kobolds
  5 quokkas
  4 bats
  3 frilled lizards
  7 rats
  A spectral hobgoblin (D:1)
68 creatures vanquished.

Vanquished Creatures (others)
  212 foxfires
212 creatures vanquished.

Grand Total: 280 creatures vanquished

Notes
Turn   | Place    | Note
-------+----------+-------------------------------------------
     0 | D:1      | funkygono the Gargoyle Fire Elementalist began the quest
                  | for the Orb.
     0 | D:1      | Reached XP level 1. HP: 10/10 MP: 3/3
   204 | D:1      | Reached XP level 2. HP: 13/15 MP: 0/5
   422 | D:1      | Found Ybuloarhus's Magic Scroll Shop.
   516 | D:1      | Found Weth's Jewellery Boutique.
   798 | D:1      | Reached XP level 3. HP: 18/19 MP: 1/6
   802 | D:1      | Learned a level 3 spell: Conjure Flame
   927 | D:1      | Found Jangeirgh's Armour Shoppe.
   949 | D:1      | Found a faded altar of an unknown god.
  2008 | D:2      | Reached skill level 4 in Fire Magic
  2422 | D:2      | Reached XP level 4. HP: 23/24 MP: 1/7
  2669 | D:2      | Learned a level 4 spell: Sticky Flame
  3176 | D:3      | Reached XP level 5. HP: 28/28 MP: 7/9
  3462 | D:4      | Noticed a lemure
  3475 | D:4      | Killed a lemure
  3527 | D:4      | Noticed Pikel
  3527 | D:4      | Noticed a lemure
  3533 | D:4      | Noticed a lemure
  3533 | D:4      | Noticed a lemure
  3539 | D:4      | Killed Pikel
  3540 | D:4      | Reached skill level 1 in Maces & Flails
  3540 | D:4      | Reached skill level 5 in Fire Magic
  3540 | D:4      | Reached XP level 6. HP: 2/32 MP: 1/12
  3540 | D:4      | Reached XP level 7. HP: 3/36 MP: 1/13
  3862 | D:4      | Noticed Ijyb
  3893 | D:3      | Splashed by Ijyb's acid

Illustrated notes

Levels and vault maps discovered:
D:1:      dpeg_arrival_windows_large_door, layout_loops_corners, serial_shops,
          shop, shop, nicolae_shop_trees,
          dreamdust_ecumenical_altar_drowned_temple, minmay_misc_feat_rows
D:2:      cheibrodos_greedy_goblins, layout_loops_ring
D:3:      layout_loops_cross
D:4:      layout_basic, serial_bayou_pond_a, uniq_ijyb, uniq_pikel, uniq_purgy,
          uniq_edmund

Skill      XL: |  1  2  3  4  5 |
---------------+----------------+-----
Fire Magic     | 4 5 |  5.3
Conjurations   | 2 3 4 |  4.5
Maces & Flails | 1 |  1.0
Spellcasting   | 4 |  4.2
Fighting       | |  0.1
Dodging        | |  1.7
Stealth        | |  2.1

Action                   |  1- 3 |  4- 6 |  7- 9 || total
-------------------------+-------+-------+-------++-------
Melee: Whip              |    18 |    28 |     5 ||    51
       Club              |     5 |       |       ||     5
 Cast: Foxfire           |    74 |    45 |    10 ||   129
       Sticky Flame      |       |     1 |     1 ||     2
  Use: Scroll            |     3 |     1 |       ||     4
Armor: Robe              |    10 |    19 |     5 ||    34
Dodge: Dodged            |    21 |    16 |     5 ||    42
